 Dungeon Crawl Stone Soup version 0.26.0-20-g3ca415f5b8 (webtiles) character file.

Game seed: 15317448000667029131

6 thiole the Magician (level 1, 0/11 HPs)
             Began as an Octopode Hedge Wizard on Jan 24, 2021.
             Slain by a jackal (1 damage)
             ... on level 2 of the Dungeon.
             The game lasted 00:00:29 (813 turns).

thiole the Magician (Octopode Hedge Wizard)          Turns: 813, Time: 00:00:30

Health: 0/11       AC:  1    Str:  9    XL:     1   Next: 90%
Magic:  1/4        EV: 13    Int: 16    God:
Gold:   51         SH:  0    Dex: 11    Spells: 5/6 levels left

rFire    . . .     SeeInvis .   a - +0 dagger
rCold    . . .     Faith    .   (no shield)
rNeg     . . .     Spirit   .   b - +0 hat
rPois    .         Reflect  .   (no amulet)
rElec    .         Harm     .   (no ring)
rCorr    .         Rampage  .   (no ring)
Will     .....                  (no ring)
Stlth    +++.......             (no ring)
HPRegen  0.03/turn              (no ring)
MPRegen  0.09/turn              (no ring)
                                (no ring)
                                (no ring)

@: no status effects
A: almost no armour, stealthy swim, amphibious, 8 rings, constrict 8, camouflage
1, gelatinous body 1
a: no special abilities


You were on level 2 of the Dungeon.
You visited 1 branch of the dungeon, and saw 2 of its levels.

You collected 51 gold pieces.

Inventory:

Hand Weapons
 a - a +0 dagger (weapon)
Armour
 b - a +0 hat (worn)
Jewellery
 k - a +6 ring of dexterity {unknown}
Scrolls
 c - a scroll of remove curse {unknown}
 d - a scroll of fear {unknown}
 e - a scroll of blinking {unknown}
 j - a scroll of immolation {unknown}
 l - 3 scrolls of identify {unknown}
Potions
 f - a potion of curing {unknown}
 g - a potion of might {unknown}
 h - a potion of heal wounds {unknown}
 i - a potion of haste {unknown}


   Skills:
 - Level 2.0 Dodging
 + Level 2.8 Stealth
 + Level 3.0 Spellcasting
 * Level 1.3 Conjurations
 * Level 1.3 Summonings
 - Level 1.0 Translocations


You had 5 spell levels left.
You knew the following spells:

 Your Spells              Type           Power        Failure   Level
a - Magic Dart            Conj           24%          11%         1

Your spell library contained the following spells:

 Spells                   Type           Power        Failure   Level
 Call Imp                 Summ           6%           17%         2
 Blink                    Tloc           N/A          19%         2
 Slow                     Hex            2%           28%         2
 Conjure Flame            Conj/Fire      4%           38%         3
 Mephitic Cloud           Conj/Pois/Air  3%           43%         3


Dungeon Overview and Level Annotations

Branches:
Dungeon (2/15)

Altars:


Innate Abilities, Weirdness & Mutations

You cannot wear most types of armour.
You are very stealthy in the water. (Stealth+)
You are amphibious.
You can wear up to eight rings at the same time.
You can use your tentacles to constrict eight enemies at once.
Your skin changes colour to match your surroundings (Stealth+).
Your rubbery body absorbs attacks. (AC +1, EV +1)


Message History

The jackal bites you but does no damage.
You hit the jackal but do no damage.
The jackal is severely wounded.
You constrict the jackal. The jackal bites you.
The jackal bites you but does no damage.
You hit the jackal but do no damage. You squeeze the jackal.
You kill the jackal!
The jackal barely misses you. The jackal bites you.
Your magical contamination has completely faded away.
You barely miss the jackal. Your grab misses the jackal.
The jackal closely misses you.
You hit the jackal. You grab the jackal. Your squeeze misses the jackal.
The jackal is moderately wounded.
You constrict the jackal, but do no damage.
The jackal bites you.
* * * LOW HITPOINT WARNING * * *
You hit the jackal.
The jackal is heavily wounded.
You constrict the jackal. The jackal barely misses you. The jackal bites you.
You die...

# ..#####
.......####
..........#####
..$....@.......
......h....####
..#...##......#
##.. ....... #.
....... #.
....... #
..>.).. ##.....


You could see a jackal.

Vanquished Creatures
  A hobgoblin (D:1)
  2 jackals (D:2)
  A kobold (D:1)
  A rat (D:1)
5 creatures vanquished.

Notes
Turn   | Place    | Note
-------+----------+-------------------------------------------
     0 | D:1      | thiole the Octopode Hedge Wizard began the quest for the
                  | Orb.
     0 | D:1      | Reached XP level 1. HP: 11/11 MP: 4/4
   813 | D:2      | Slain by a jackal

Illustrated notes

Levels and vault maps discovered:
D:1:      lemuel_arrival_cross, layout_loops_cross, hangedman_decor_slide_cut
D:2:      layout_rooms, uniq_jessica

Action                   || total
-------------------------++-------
Melee: Dagger            ||     8
       Constrict         ||     2
       Tentacles         ||     2
 Cast: Magic Dart        ||    13
Armor: Skin              ||     3
Dodge: Dodged            ||     3
